 Dungeon Crawl Stone Soup version 0.17-a0-1979-g1c74939 (webtiles) character file.

1775 kae the Carver (level 8, -10/64 HPs)
             Began as a Minotaur Fighter on Oct 5, 2015.
             Was a Follower of Qazlal.
             Mangled by an orc warrior
             ... wielding a cursed -3 halberd
              (22 damage)
             ... on level 6 of the Dungeon.
             The game lasted 00:08:01 (6802 turns).

kae the Carver (Minotaur Fighter)                   Turns: 6802, Time: 00:08:01

Health: -10/64     AC:  6    Str: 21    XL:     8   Next: 80%
Magic:  7/7        EV:  8    Int:  7    God:    Qazlal [*.....]
Gold:   192        SH: 11    Dex: 10    Spells: 0 memorised, 7 levels left

rFire  . . .     SeeInvis .     a - +1 long sword
rCold  + . .     Clarity  .     t - +1 ring mail {rC+}
rNeg   . . .     SustAt   .     c - +0 shield
rPois  +         Gourm    .     (helmet restricted)
rElec  .         Spirit   .     (no cloak)
rCorr  .         Warding  .     (no gloves)
rMut   .         Stasis   .     (no boots)
MR     .....                    (no amulet)
Stlth  ..........               y - +3 ring of slaying
                                h - ring of poison resistance

@: very slightly contaminated, invisible, not resistant to hostile enchantments,
extremely unstealthy
A: retaliatory headbutt, horns 2
a: Renounce Religion


You were on level 6 of the Dungeon.
You worshipped Qazlal.
Qazlal was aware of your devotion.
You were hungry.

You visited 2 branches of the dungeon, and saw 7 of its levels.

You collected 192 gold pieces.

Inventory:

Hand Weapons
 a - a +1 long sword (weapon)
Armour
 c - a +0 shield (worn)
 t - a +1 ring mail of cold resistance (worn)
Jewellery
 h - a ring of poison resistance (left hand)
 j - an uncursed amulet of resist corrosion {unknown}
 l - an uncursed ring of see invisible
 p - an uncursed ring of magical power
 y - a +3 ring of slaying (right hand)
Wands
 v - a wand of teleportation (4)
Scrolls
 b - 2 scrolls of amnesia
 f - a scroll of enchant weapon
 g - 4 scrolls of identify
 s - 3 scrolls of enchant armour
Potions
 i - 2 potions of poison
 q - a potion of flight
 r - a potion of degeneration {unknown}
 u - a potion of might
Books
 d - a book of Hinderance

   Spells                             Type                      Level
   a - Confusing Touch                Hexes                        2
   b - Confuse                        Hexes                        3
   c - Gell's Gravitas                Hexes/Translocation          3
   d - Petrify                        Transmutation/Earth          4
   e - Metabolic Englaciation         Hexes/Ice                    5
Comestibles
 e - 3 bread rations
 m - 4 beef jerkies
 o - a meat ration
 w - a royal jelly


   Skills:
 - Level 3.6 Fighting
 + Level 13.2 Long Blades
 - Level 3.6 Armour
 - Level 3.6 Shields


You had 7 spell levels left.
You didn't know any spells.

Dungeon Overview and Level Annotations

Branches:
Dungeon (6/15)             Temple (1/1) D:4

Altars:
Ashenzari
Cheibriados
Dithmenos
Elyvilon
Fedhas
Gozag
Kikubaaqudgha
Makhleb
Nemelex Xobeh
Okawaru
Qazlal
Ru
Sif Muna
Trog
Vehumet
Xom
Yredelemnul
Zin
The Shining One

Portals:
Abyss: D:1***


Innate Abilities, Weirdness & Mutations

You reflexively headbutt those who attack you in melee.
You have a pair of horns on your head.


Message History

The orc warrior is severely wounded.
The orc warrior hits you with a halberd!!
* * * LOW HITPOINT WARNING * * *
The orc barely misses you.
You are too injured to fight recklessly!
You are too injured to fight recklessly!
You are too injured to fight recklessly!
You are too injured to fight recklessly!
Drink which item? (? for menu, Esc to quit)
Okay, then.
Read which item? (? for menu, Esc to quit)
Okay, then.
Drink which item? (? for menu, Esc to quit)
You feel better. You block the orc warrior's attack. The orc barely misses you.
Drink which item? (? for menu, Esc to quit)
You fade into invisibility!
You block the orc warrior's attack. The orc barely misses you.
You are very lightly contaminated with residual magic.
The orc warrior hits you from afar with a halberd!!
You die...

######################
#......+...............
#......#...............
#......#...............
#...<..##..............
#......##..............
#......#.....@ยง........
#......'.....).o.......
#......##...###o.....#
###+#####...###'#######....
#...>#........#....#
#....#........+....#
+....+........#....###
#....#........#.......
###+#######'###.......


You could see an orc warrior and an orc.

Vanquished Creatures
  Eustachio (D:5)
  An orc warrior (D:5)
  2 ice beasts (D:6)
  2 centaurs (D:6)
  An ogre (D:6)
  A gnoll sergeant (D:5)
  A giant frog (D:6)
  A hound (D:6)
  A crimson imp (D:5)
  9 orc priests
  A giant frog skeleton (D:5)
  7 orc wizards
  5 worker ants
  8 gnolls
  8 adders
  A shadow imp (D:5)
  4 worms (D:2)
  An adder skeleton (D:4)
  4 giant geckos
  26 orcs
  6 bats
  9 giant cockroaches
  25 goblins
  15 hobgoblins
  3 ball pythons
  A ball python skeleton (D:4)
  9 giant newts
  A goblin zombie (D:5)
  A jackal zombie (D:5)
  7 kobolds
  2 quokkas (D:2)
  6 rats
170 creatures vanquished.

Notes
Turn   | Place    | Note
--------------------------------------------------------------
     0 | D:1      | kae the Minotaur Fighter began the quest for the Orb.
     0 | D:1      | Reached XP level 1. HP: 19/19 MP: 0/0
   106 | D:1      | Reached XP level 2. HP: 26/26 MP: 1/1
   581 | D:1      | Reached skill level 4 in Long Blades
   748 | D:2      | Reached XP level 3. HP: 16/31 MP: 2/2
  1206 | D:2      | Reached skill level 5 in Long Blades
  1269 | D:2      | Found a faded altar to an unknown god.
  1512 | D:2      | Reached XP level 4. HP: 39/39 MP: 3/3
  1682 | D:2      | HP: 1/39 [gnoll/spear (3)]
  2034 | D:3      | Found a glowing silver altar of Zin.
  2034 | D:3      | Found a deep blue altar of Sif Muna.
  2035 | D:3      | Found a basalt altar of Yredelemnul.
  2042 | D:3      | Reached skill level 6 in Long Blades
  2054 | D:3      | Reached XP level 5. HP: 23/45 MP: 4/4
  2702 | D:3      | Reached skill level 7 in Long Blades
  3074 | D:3      | Reached XP level 6. HP: 34/51 MP: 5/5
  3092 | D:3      | Reached skill level 8 in Long Blades
  3584 | D:4      | Found a staircase to the Ecumenical Temple.
  3592 | Temple   | Entered the Ecumenical Temple
  3721 | Temple   | Became a worshipper of Qazlal Stormbringer
  4397 | D:4      | Reached skill level 9 in Long Blades
  4633 | D:4      | Reached XP level 7. HP: 57/57 MP: 6/6
  5000 | D:5      | Entered Level 5 of the Dungeon
  5013 | D:5      | Noticed Eustachio
  5583 | D:5      | Killed Eustachio
  5583 | D:5      | Acquired Qazlal's first power
  5583 | D:5      | Reached skill level 10 in Long Blades
  5775 | D:5      | Reached skill level 11 in Long Blades
  5798 | D:5      | Reached XP level 8. HP: 41/64 MP: 7/7
  6333 | D:6      | Reached skill level 12 in Long Blades
  6532 | D:6      | Reached skill level 13 in Long Blades
  6802 | D:6      | Mangled by an orc warrior

Vault maps used:
D:1:      minmay_arrival_glassed_features
D:2:      serial_corexii_hall, corexii_hall_statues_x, corexii_hall_statues_l,
          ecumenical_altar_2
D:3:      gammafunk_temple_overflow_forgotten, minmay_goblin_outpost
D:4:      minmay_temple_entry_mist
D:5:      first_bread, enter_ossuary_3, grunt_ministairs_3,
          guppyfry_early_orc_mine, uniq_eustachio
D:6:      serial_shops, nicolae_shop_trees, amethyst_killhole,
          corexii_checkpoint_a, grunt_ministairs_5, solitary_fountain,
          minmay_joined_circles
Temple:   nicolae_temple_elliptical

Action                   |  1- 3 |  4- 6 |  7- 9 || total
-------------------------+-------+-------+-------++-------
Melee: Long sword        |   118 |   161 |   178 ||   457
       Falchion          |       |    29 |    29 ||    58
  Use: Potion            |       |     4 |     3 ||     7
       Scroll            |       |     7 |     3 ||    10
 Stab: Invisible         |       |     4 |     5 ||     9
  Eat: Chunk             |     2 |    10 |     2 ||    14
       Meat ration       |       |       |     1 ||     1
